[Event "48th Continental Open"]
[Site "Sturbridge, MA"]
[Date "2018.08.19"]
[Round "7.17"]
[White "Zhao, Jeffrey Renfei"]
[Black "Taylor, Steven"]
[Result "1-0"]
[ECO "B56"]
[WhiteElo "1827"]
[BlackElo "2081"]
[PlyCount "67"]
[EventDate "2018.08.??"]
[EventType "swiss"]
[EventRounds "9"]
[EventCountry "USA"]
[TimeControl "6000+10"]
[WhiteClock "0:49:17"]
[BlackClock "0:25:29"]

1. e4 c5 2. Nf3 Nc6 3. d4 cxd4 4. Nxd4 Nf6 5. Nc3 d6 6. f3 e5 7. Nb3 Be6 8. Be3 d5 9. exd5 Nxd5 10.
Nxd5 Bxd5 11. Qd2 Bxb3 12. axb3 Qc7 13. Bb5 Be7 14. O-O O-O 15. Qc3 Bf6 16. Bxc6 bxc6 17. Qa5 Qd7 18. Rfd1 Qf5 19. Rd3 Rfd8 20. Rad1 Rxd3 21. Rxd3 h5 22. Qa4 a5 23. Qe4 Qxe4 24. fxe4 a4 25. Kf2 a3 26. bxa3 Rxa3 27. Rd6 Ra6 28. b4 Be7 29. b5 Ra4 30. Rxc6 Rxe4 31. c4 f5 32. b6 f4 33. b7 fxe3+ 34. Ke2 1-0

[Event "48th Continental Open"]
[Site "Sturbridge, MA"]
[Date "2018.08.19"]
[Round "7.20"]
[White "Slade, Theo"]
[Black "Yu, Alex"]
[Result "1/2-1/2"]
[ECO "D87"]
[WhiteElo "1960"]
[BlackElo "1852"]
[PlyCount "112"]
[EventDate "2018.08.??"]
[EventType "swiss"]
[EventRounds "9"]
[EventCountry "USA"]
[TimeControl "6000+10"]
[WhiteClock "0:00:04"]
[BlackClock "0:00:30"]

1. d4 Nf6 2. c4 g6 3. Nc3 d5 4. cxd5 Nxd5 5. e4 Nxc3 6. bxc3 Bg7 7. Bc4 c5 8. Ne2 O-O 9. O-O Nc6 10. Be3 e5 11. dxc5 Bd7 12. Bg5 Qxg5 13.
Qxd7 Qe7 14. Qxe7 Nxe7 15. Rab1 Rab8 16. Bd5 Nxd5 17. exd5 Rfc8 18. Rb5 Bf8 19. d6 a6 20. Ra5 b6 21. cxb6 Rxb6 22. Rxe5 Bxd6 23. Re4 Rb2 24. a4 Ra2 25. Rd1 Rb8 26. g3 Bc5 27. Rd5 Rb1+ 28. Kg2 Bb6 29. Rd6 Rbb2 30. Kf3 a5 31. Rd5 Kg7 32. Rd7 Bc5 33. Rc7 Bb6 34. Rb7 Kg8 35. Re8+ Kg7 36. Ree7 Kg8 37. c4 Bc5 38. Rxb2 Rxb2 39. Re5 Bb4 40. Ke3 Ra2 41. c5 Rc2 42. Kd3 Rxc5 43. Rxc5 Bxc5 44. Nd4 Kg7 45. Kc4 Bb6 46. f3 Kf6 47. Nc6 Bg1 48. h3 Bf2 49. g4 Kg5 50. Nxa5 Kh4 51. Nc6 Be1 52. a5 Bxa5 53. Nxa5 Kxh3 54. g5 Kh4 55. Kd3 Kxg5 56. Ke2 Kf4 1/2-1/2

[Event "48th Continental Open"]
[Site "Sturbridge, MA"]
[Date "2018.08.19"]
[Round "7.21"]
[White "Song, Alan"]
[Black "Procyk, Marijan"]
[Result "1-0"]
[ECO "B78"]
[WhiteElo "2043"]
[BlackElo "1940"]
[PlyCount "67"]
[EventDate "2018.08.??"]
[EventType "swiss"]
[EventRounds "9"]
[EventCountry "USA"]
[TimeControl "6000+10"]
[WhiteClock "0:16:21"]
[BlackClock "1:05:22"]

1. e4 c5 2. Nf3 d6 3. d4 cxd4 4. Nxd4 Nf6 5. Nc3 g6 6. Be3 Bg7 7. f3 O-O 8. Bc4 Bd7 9. Qd2 Nc6 10. O-O-O Rc8 11. Bb3 Ne5 12. Kb1 Nc4 13. Bxc4 Rxc4 14. g4 Qb8 15. h4 h5 16. gxh5 Nxh5 17. b3 Rc5 18. Nd5 e6 19. Ne7+ Kh7 20. Ndf5 exf5 21. Bxc5 dxc5 22. Qd5 Be6 23. Qxc5 b6 24. Qd6 Qb7 25. Nxg6 fxg6 26. Qxe6 Nf4 27. Rd7 Qb8 28. Qe7 Nh5 29. Rb7 Qc8 30. Rc7 Qb8 31. Rg1 fxe4 32. Rg5 Rg8 33. Qxe4 Qxc7 34. Qxg6+ 1-0

[Event "48th Continental Open"]
[Site "Sturbridge, MA"]
[Date "2018.08.19"]
[Round "7.23"]
[White "Belous, Nicholas"]
[Black "Sage, J Timothy"]
[Result "1/2-1/2"]
[ECO "B00"]
[WhiteElo "1852"]
[BlackElo "2036"]
[PlyCount "57"]
[EventDate "2018.08.??"]
[EventType "swiss"]
[EventRounds "9"]
[EventCountry "USA"]
[TimeControl "6000+10"]
[WhiteClock "0:59:14"]
[BlackClock "0:21:06"]

1. e4 Nc6 2. Nf3 d6 3. d4 Nf6 4. Nc3 g6 5. Be3 Bg7 6. h3 O-O 7. Qd2 e5 8. dxe5 Nxe5 9. Nxe5 dxe5 10. Bc4 c6 11. a3 Qe7 12. O-O-O b5 13.
Bb3 a5 14. f3 a4 15. Ba2 b4 16. axb4 Qxb4 17. Qd6 Qb7 18. Qa3 Re8 19. Bc5 Nd7 20. Bd6 Nf8 21. Qb4 Ne6 22. Qxb7 Bxb7 23. Bxe6 Rxe6 24. Bc5 Bf8 25. Bxf8 Kxf8 26. Rd7 Re7 27. Rhd1 Ke8 28. Rxe7+ Kxe7 29. Na2 1/2-1/2

[Event "48th Continental Open"]
[Site "Sturbridge, MA"]
[Date "2018.08.19"]
[Round "7.24"]
[White "Riddell, Connor"]
[Black "Luo, Ryan"]
[Result "1/2-1/2"]
[ECO "B18"]
[WhiteElo "1716"]
[BlackElo "1805"]
[PlyCount "41"]
[EventDate "2018.08.??"]
[EventType "swiss"]
[EventRounds "9"]
[EventCountry "USA"]
[TimeControl "6000+10"]
[WhiteClock "0:34:36"]
[BlackClock "0:20:36"]

1. e4 c6 2. d4 d5 3. Nc3 dxe4 4. Nxe4 Bf5 5. Ng3 Bg6 6. Nf3 Nd7 7. Bd3 e6 8. O-O Ngf6 9. Bxg6 hxg6 10. Re1 Qc7 11. Ng5 Be7 12. Qd3 Nf8 13.
Qf3 N8h7 14. N5e4 Qa5 15. Bd2 Qd5 16. Nxf6+ Nxf6 17. Qxd5 cxd5 18. a4 Rc8 19. c3 Bd6 20. f3 Kd7 21. Nf1 1/2-1/2

[Event "48th Continental Open"]
[Site "Sturbridge, MA"]
[Date "2018.08.19"]
[Round "8.3"]
[White "Otchiyev, Arslan"]
[Black "Gorovets, Andrey"]
[Result "1/2-1/2"]
[ECO "B18"]
[WhiteElo "2333"]
[BlackElo "2495"]
[PlyCount "53"]
[EventDate "2018.08.??"]
[EventType "swiss"]
[EventRounds "9"]
[EventCountry "USA"]
[TimeControl "6000+10"]
[WhiteClock "1:35:09"]
[BlackClock "0:28:33"]

1. e4 c6 2. d4 d5 3. Nd2 dxe4 4. Nxe4 Bf5 5. Ng3 Bg6 6. h4 h6 7. h5 Bh7 8. Nf3 e6 9. Bd3 Bxd3 10. Qxd3 Nf6 11. Bd2 Be7 12. O-O-O O-O 13. Kb1 c5 14. Ne4 Nc6 15. Nxf6+ Bxf6 16. dxc5 Qxd3 17. cxd3 Rfd8 18. Bc3 Rd5 19. Bxf6 gxf6 20. d4 Rad8 21. Rc1 Nxd4 22. Nxd4 Rxd4 23. Rh3 Rd2 24. Rc2 Rd1+ 25. Rc1 R1d2 26. Rc2 Rd1+ 27. Rc1 1/2-1/2

[Event "48th Continental Open"]
[Site "Sturbridge, MA"]
[Date "2018.08.19"]
[Round "8.4"]
[White "Baryshpolets, Andrey"]
[Black "Mulyar, Michael"]
[Result "0-1"]
[ECO "D11"]
[WhiteElo "2609"]
[BlackElo "2374"]
[PlyCount "93"]
[EventDate "2018.08.??"]
[EventType "swiss"]
[EventRounds "9"]
[EventCountry "USA"]
[TimeControl "6000+10"]
[WhiteClock "0:01:07"]
[BlackClock "0:24:35"]

1. d4 d5 2. c4 c6 3. Nf3 Nf6 4. Qc2 dxc4 5. Qxc4 Bf5 6. g3 e6 7. Bg2 Be7 8. O-O O-O 9. Nc3 Nbd7 10. Re1 Ne4 11. Qb3 Qb6 12. Nh4 Bxh4 13.
gxh4 Ndf6 14. f3 Nxc3 15. bxc3 Qc7 16. e4 Bg6 17. a4 h6 18.
Be3 Nh5 19. Qb2 Nf4 20. Qd2 Nxg2 21. Qxg2 Qa5 22. c4 Qh5 23. Bf2 e5 24. dxe5 Qxe5 25. Qg3 Qe6 26. Rad1 Qxc4 27. f4 Bh5 28. Rd4 Qa2 29. Rd7 Rad8 30. Rxb7 Qxa4 31. Rxa7 Qc2 32. Ra5 Rd3 33. Be3 Rd1 34. Rc5 Rxe1+ 35. Qxe1 Qxe4 36. Re5 Qg6+ 37. Qg3 Qb1+ 38. Kg2 Be2 39. Qf2 Bc4 40. f5 Ra8 41. Kg3 f6 42. Rc5 Ra2 43. Qf3 Bd5 44. Rxd5 cxd5 45. Qxd5+ Kh7 46. Kg4 Ra4+ 47. Kg3 0-1

[Event "48th Continental Open"]
[Site "Sturbridge, MA"]
[Date "2018.08.19"]
[Round "8.7"]
[White "Graif, William"]
[Black "Kumar, Aravind"]
[Result "1-0"]
[ECO "C03"]
[WhiteElo "2123"]
[BlackElo "2169"]
[PlyCount "161"]
[EventDate "2018.08.??"]
[EventType "swiss"]
[EventRounds "9"]
[EventCountry "USA"]
[TimeControl "6000+10"]
[WhiteClock "0:00:13"]
[BlackClock "0:08:02"]

1. e4 e6 2. d4 d5 3. Nd2 Be7 4. c3 c5 5. dxc5 Nf6 6. exd5 Qxd5 7. b4 a5 8. Ngf3 Nc6 9. Bc4 Qh5 10. Rb1 Nd5 11. Bxd5 exd5 12. b5 Nd8 13. O-O O-O 14. Re1 Ne6 15. Nf1 Bf6 16. Nd4 Qxd1 17. Rxd1 Nxc5 18. Ba3 b6 19. Ne3 Be6 20. Nb3 Ne4 21. Bxf8 Kxf8 22. Nxd5 Bxd5 23. Rxd5 Nxc3 24. Rbd1 a4 25.
Nc1 Nxd5 26. Rxd5 Rc8 27. Rd1 Rc2 28. g3 Rb2 29. Kg2 Rb1 30.
Re1 Bc3 31. Rf1 Bf6 32. Nd3 Rxb5 33. Rc1 Rd5 34. Nb4 Rc5 35. Rb1 Rb5 36. a3 Be7 37. Kf3 Bc5 38. Ke2 Ke7 39. Nd5+ Kd6 40. Rxb5 Kxd5 41. Kd3 f5 42. f3 g6 43. Rb1 Kc6 44. Kc3 b5 45. Kb2 Bd4+ 46. Ka2 h5 47. Re1 g5 48. Re6+ Kd5 49. Rh6 g4 50. f4 Ke4 51. Rxh5 Bc3 52. Rh7 Kf3 53. Rf7 Kg2 54. Rxf5 Kxh2 55. Rc5 Bf6 56. Rc6 Bd4 57. Rd6 Bf2 58. f5 Bxg3 59. Rh6+ Kg2 60. f6 Bd6 61. f7 Bc5 62. Rc6 Be7 63. Re6 Bc5 64. Re5 Bd6 65. Rd5 Be7 66. Rxb5 g3 67. Ra5 Kf3 68. f8=Q+ Bxf8 69. Rf5+ Ke3 70. Rxf8 g2 71. Rg8 Kf2 72. Kb2 g1=Q 73. Rxg1 Kxg1 74. Kc3 Kf2 75. Kb4 Ke3 76. Kxa4 Kd4 77. Kb5 Kd5 78. Kb6 Kd6 79. a4 Kd7 80. Kb7 Kd6 81. a5 1-0

[Event "48th Continental Open"]
[Site "Sturbridge, MA"]
[Date "2018.08.19"]
[Round "8.10"]
[White "Samadashvili, Martha"]
[Black "Genger, Eitan"]
[Result "1-0"]
[ECO "B10"]
[WhiteElo "2136"]
[BlackElo "1903"]
[PlyCount "76"]
[EventDate "2018.08.??"]
[EventType "swiss"]
[EventRounds "9"]
[EventCountry "USA"]
[TimeControl "6000+10"]
[WhiteClock "0:21:45"]
[BlackClock "0:22:04"]

1. e4 c6 2. Nf3 d5 3. Nc3 dxe4 4. Nxe4 Nf6 5. Nxf6+ gxf6 6. d4 Bg4 7. Be2 e6 8. Bf4 Nd7 9. c3 Nb6 10. Qb3 Qd5 11. Qxd5 Nxd5 12. Bg3 Bh6 13. Nd2 Bxe2 14. Kxe2 Nf4+ 15. Bxf4 Bxf4 16. Ne4 Ke7 17. g3 Bd6 18. f4 f5 19. Ng5 h5 20. Nf3 a5 21. c4 Rad8 22. Rad1 Kf6 23. Rd3 Rd7 24. Rb1 Kg7 25. c5 Bc7 26. b4 axb4 27. Rxb4 Ra8 28. Rxb7 Rxa2+ 29. Rd2 Rxd2+ 30. Nxd2 Kf8 31. Kd3 Ke8 32. Nc4 Kd8 33. Nb6 Bxb6 34. Rxd7+ Kxd7 35. cxb6 Kc8 36. Kc4 Kb8 37. Kc5 Kb7 38. h3 f6 1-0

[Event "48th Continental Open"]
[Site "Sturbridge, MA"]
[Date "2018.08.19"]
[Round "8.13"]
[White "Kang, Dorian"]
[Black "Barash, Anton"]
[Result "0-1"]
[ECO "C15"]
[WhiteElo "1853"]
[BlackElo "1972"]
[PlyCount "78"]
[EventDate "2018.08.??"]
[EventType "swiss"]
[EventRounds "9"]
[EventCountry "USA"]
[TimeControl "6000+10"]
[WhiteClock "0:52:59"]
[BlackClock "0:42:53"]

1. e4 e6 2. d4 d5 3. Nc3 Bb4 4. exd5 exd5 5. Bd3 Nf6 6. a3 Bd6 7. Nf3 O-O 8. O-O c6 9. Bg5 Bg4 10. Re1 Nbd7 11. h3 Bh5 12. g4 Bg6 13.
Ne5 Qb6 14. Bxg6 fxg6 15. Qd2 Rae8 16. Nxd7 Nxd7 17. Rxe8 Rxe8 18. Re1 Rxe1+ 19. Qxe1 Kf7 20. Qe3 Qxb2 21.
Qf3+ Nf6 22. Bxf6 gxf6 23. g5 Qc1+ 24. Nd1 Qxg5+ 25. Kh1 Qc1 26. Kg2 Qxc2 27. Ne3 Qe4 28. Qxe4 dxe4 29. Nc4 Ke6 30. Na5 Bxa3 31. Nxb7 Kd5 32. Kf1 Kxd4 33. Ke2 Bb4 34. Nd8 Kd5 35. Nf7 Be7 36. f3 Ke6 37. Nh6 exf3+ 38. Kxf3 f5 39. Kf4 Bf8 0-1

[Event "48th Continental Open"]
[Site "Sturbridge, MA"]
[Date "2018.08.19"]
[Round "8.14"]
[White "Tang, Jason"]
[Black "Bader, Jeremy"]
[Result "1/2-1/2"]
[ECO "B43"]
[WhiteElo "1908"]
[BlackElo "1845"]
[PlyCount "43"]
[EventDate "2018.08.??"]
[EventType "swiss"]
[EventRounds "9"]
[EventCountry "USA"]
[TimeControl "6000+10"]
[WhiteClock "0:34:20"]
[BlackClock "0:35:34"]

1. e4 c5 2. Nf3 e6 3. d4 cxd4 4. Nxd4 a6 5. Nc3 Qc7 6. Bd3 Nf6 7. O-O Nc6 8. Nb3 Be7 9. f4 d6 10. Qf3 O-O 11. a3 Bd7 12. Bd2 Rac8 13. Rae1 Rfd8 14. Qg3 Nh5 15. Qf3 Nf6 16. Kh1 b5 17. Nd1 Bf8 18. Qg3 d5 19. Nf2 dxe4 20. Nxe4 Nxe4 21. Bxe4 b4 22. axb4 1/2-1/2

[Event "48th Continental Open"]
[Site "Sturbridge, MA"]
[Date "2018.08.19"]
[Round "8.15"]
[White "Padmanabhan, Karthik"]
[Black "Zhao, Jeffrey Renfei"]
[Result "1/2-1/2"]
[ECO "C53"]
[WhiteElo "1879"]
[BlackElo "1827"]
[PlyCount "63"]
[EventDate "2018.08.??"]
[EventType "swiss"]
[EventRounds "9"]
[EventCountry "USA"]
[TimeControl "6000+10"]
[WhiteClock "0:03:18"]
[BlackClock "1:07:20"]

1. e4 e5 2. Nf3 Nc6 3. Bc4 Bc5 4. c3 Nf6 5. d3 a6 6. O-O Ba7 7. Bb3 d6 8. Nbd2 O-O 9. h3 Be6 10. Re1 Qd7 11. Nf1 Rfe8 12. Ng3 h6 13.
Nh2 d5 14. Qf3 dxe4 15. dxe4 Bxb3 16. axb3 Qe6 17. Nf5 Ne7 18. Ng4 Nxg4 19. Qxg4 Nxf5 20. exf5 Qf6 21. Be3 Bxe3 22. Rxe3 Rad8 23. Qe4 c6 24. Re2 Qg5 25. Rae1 f6 26. Re3 Qh5 27. Rg3 Rd1 28. Qc4+ Kh8 29. Rxd1 Qxd1+ 30. Kh2 Qd5 31. Qb4 c5 32. Qb6 1/2-1/2

[Event "48th Continental Open"]
[Site "Sturbridge, MA"]
[Date "2018.08.19"]
[Round "8.17"]
[White "Falcao, Wesley"]
[Black "Yu, Alex"]
[Result "1-0"]
[ECO "B78"]
[WhiteElo "2148"]
[BlackElo "1852"]
[PlyCount "103"]
[EventDate "2018.08.??"]
[EventType "swiss"]
[EventRounds "9"]
[EventCountry "USA"]
[TimeControl "6000+10"]
[WhiteClock "0:00:19"]
[BlackClock "0:00:13"]

1. e4 c5 2. Nf3 d6 3. d4 cxd4 4. Nxd4 Nf6 5. Nc3 g6 6. Be3 Bg7 7. f3 O-O 8. Qd2 Nc6 9. Bc4 Bd7 10.
O-O-O Rc8 11. Bb3 Ne5 12. Kb1 Re8 13. a3 Nc4 14. Bxc4 Rxc4 15. h4 h5 16. g4 hxg4 17. h5 Qa5 18. h6 Bf8 19. Nb3 Qc7 20.
Bg5 Rxc3 21. bxc3 gxf3 22. Qd4 Nh7 23. Bc1 Rc8 24. Rd3 e5 25.
Qxa7 Qc6 26. Qe3 Nf6 27. Qxf3 Nh7 28. Rg1 Be6 29. Rg3 Qb5 30. c4 Rxc4 31. Rc3 Qc6 32. Rxc4 Qxc4 33. Kb2 Be7 34. Qd3 Nf6 35. Qxc4 Bxc4 36. Rc3 Bxb3 37. Rxb3 Nxe4 38. Rxb7 Bh4 39. Be3 d5 40. a4 d4 41. Bxd4 exd4 42. a5 Nc5 43. Rc7 Na6 44. Rc6 Nb4 45.
Rb6 d3 46. h7+ Kh8 47. Rb8+ Kxh7 48. Rxb4 Be1 49. c3 f5 50. a6 Bf2 51. Rd4 d2 52. Kc2 1-0

[Event "48th Continental Open"]
[Site "Sturbridge, MA"]
[Date "2018.08.19"]
[Round "8.19"]
[White "Poliannikov, Danila"]
[Black "Ramanathan, Suraj"]
[Result "1/2-1/2"]
[ECO "B91"]
[WhiteElo "1994"]
[BlackElo "1961"]
[PlyCount "42"]
[EventDate "2018.08.??"]
[EventType "swiss"]
[EventRounds "9"]
[EventCountry "USA"]
[TimeControl "6000+10"]
[WhiteClock "0:49:44"]
[BlackClock "1:15:02"]

1. e4 c5 2. Nf3 d6 3. d4 cxd4 4. Nxd4 Nf6 5. Nc3 a6 6. g3 e5 7. Nb3 Nbd7 8. Bg2 b5 9. O-O Be7 10. a4 b4 11. Nd5 Nxd5 12. Qxd5 Rb8 13. Be3 O-O 14. Qd3 a5 15. Qd5 Qc7 16. Rac1 Nc5 17. Nxc5 dxc5 18. Qd2 Rd8 19. Qe2 Bd7 20. b3 Be6 21. f4 f6 1/2-1/2

[Event "48th Continental Open"]
[Site "Sturbridge, MA"]
[Date "2018.08.19"]
[Round "8.22"]
[White "Luo, Ryan"]
[Black "Procyk, Marijan"]
[Result "1-0"]
[ECO "D11"]
[WhiteElo "1805"]
[BlackElo "1940"]
[PlyCount "73"]
[EventDate "2018.08.??"]
[EventType "swiss"]
[EventRounds "9"]
[EventCountry "USA"]
[TimeControl "6000+10"]
[WhiteClock "0:10:16"]
[BlackClock "1:05:12"]

1. d4 d5 2. c4 c6 3. Nf3 Nf6 4. Qb3 e6 5. g3 Bd6 6. Bg2 Nbd7 7. O-O O-O 8.
Nc3 dxc4 9. Qxc4 e5 10. Rd1 Nb6 11. Qd3 exd4 12. Nxd4 Be7 13. Nf5 Bxf5 14. Qxf5 Qc8 15. Qxc8 Raxc8 16. h3 Rcd8 17. Bf4 Rxd1+ 18. Rxd1 Rd8 19. Rxd8+ Bxd8 20. e4 Ne8 21. b3 g5 22. Be3 Bf6 23. Ne2 Nd7 24. Bxa7 b6 25. e5 Bxe5 26. Bxc6 Nef6 27. a4 Kf8 28. b4 Bc7 29. Nd4 Bd6 30. Bxd7 Nxd7 31. Nc6 Bc7 32. a5 f6 33. a6 Kf7 34. Bb8 Nxb8 35. a7 Nxc6 36. a8=Q Nd8 37. Qc8 1-0

[Event "48th Continental Open"]
[Site "Sturbridge, MA"]
[Date "2018.08.19"]
[Round "8.23"]
[White "Finnerman, David"]
[Black "Riddell, Connor"]
[Result "1-0"]
[ECO "B43"]
[WhiteElo "1735"]
[BlackElo "1716"]
[PlyCount "51"]
[EventDate "2018.08.??"]
[EventType "swiss"]
[EventRounds "9"]
[EventCountry "USA"]
[TimeControl "6000+10"]
[WhiteClock "0:47:51"]
[BlackClock "0:37:53"]

1. e4 c5 2. Nf3 e6 3. d4 cxd4 4. Nxd4 a6 5. Nc3 b5 6. Bd3 Qb6 7. Nb3 Nc6 8. O-O Nf6 9. Be3 Qb8 10.
Re1 d6 11. f4 Be7 12. Qf3 Bb7 13. Rad1 O-O 14. Qh3 b4 15. Na4 Qe8 16. e5 dxe5 17. Nac5 e4 18. Nxe4 Nxe4 19. Bxe4 f5 20. Bd3 Rf6 21. Bc4 Nd8 22. Rd2 Rh6 23. Qxf5 Qc6 24. Qd3 a5 25. f5 Qc7 26. Bxh6 1-0

[Event "48th Continental Open"]
[Site "Sturbridge, MA"]
[Date "2018.08.20"]
[Round "9.6"]
[White "Otchiyev, Arslan"]
[Black "Shanmugasundaram, Coimbatore"]
[Result "1/2-1/2"]
[ECO "B44"]
[WhiteElo "2333"]
[BlackElo "2147"]
[PlyCount "31"]
[EventDate "2018.08.??"]
[EventType "swiss"]
[EventRounds "9"]
[EventCountry "USA"]
[TimeControl "6000+10"]
[WhiteClock "1:39:12"]
[BlackClock "0:22:21"]

1. e4 c5 2. Nf3 e6 3. d4 cxd4 4. Nxd4 Nc6 5. g3 Nf6 6. Bg2 a6 7. O-O Qc7 8. Nc3 Nxd4 9. Qxd4 Bc5 10. Qd3 O-O 11. Bf4 d6 12. Na4 e5 13.
Bg5 Be6 14. Nxc5 dxc5 15. Bxf6 gxf6 16. Qe3 1/2-1/2

[Event "48th Continental Open"]
[Site "Sturbridge, MA"]
[Date "2018.08.20"]
[Round "9.9"]
[White "Tanaka, Tyler"]
[Black "Falcao, Wesley"]
[Result "0-1"]
[ECO "B41"]
[WhiteElo "2007"]
[BlackElo "2148"]
[PlyCount "84"]
[EventDate "2018.08.??"]
[EventType "swiss"]
[EventRounds "9"]
[EventCountry "USA"]
[TimeControl "6000+10"]
[WhiteClock "0:08:38"]
[BlackClock "0:01:33"]

1. e4 c5 2. Nf3 a6 3. c4 e6 4. d4 cxd4 5. Nxd4 Nf6 6. Nc3 d6 7. Be3 Be7 8. Be2 O-O 9. O-O Bd7 10.
Qd2 Nc6 11. Rfd1 Qc7 12. Rac1 Rfc8 13. a3 Be8 14. b4 Ne5 15. h3 Qb8 16. Qa2 b6 17. f4 Nc6 18. Bd3 Ra7 19. Qf2 Bd8 20.
Nf3 Ra8 21. Qg3 Nd7 22. h4 Bf6 23. h5 h6 24. Qh3 Bxc3 25.
Rxc3 e5 26. Qg3 Kh8 27. Nh4 Ne7 28. Be2 Nf6 29. Bf3 Bc6 30.
Rcd3 Nxe4 31. Bxe4 Bxe4 32. Rxd6 Rxc4 33. fxe5 b5 34. Rd7 Qe8 35. R1d6 Nf5 36. Nxf5 Bxf5 37. Bxh6 Rg4 38. Bxg7+ Rxg7 39. Qe3 Bxd7 40. Qh6+ Kg8 41. Qf6 Rc8 42. h6 Rg6 0-1

[Event "48th Continental Open"]
[Site "Sturbridge, MA"]
[Date "2018.08.20"]
[Round "9.12"]
[White "Zhao, Jeffrey Renfei"]
[Black "Ramanathan, Suraj"]
[Result "0-1"]
[ECO "B90"]
[WhiteElo "1827"]
[BlackElo "1961"]
[PlyCount "134"]
[EventDate "2018.08.??"]
[EventType "swiss"]
[EventRounds "9"]
[EventCountry "USA"]
[TimeControl "6000+10"]
[WhiteClock "1:06:25"]
[BlackClock "0:43:04"]

1. e4 c5 2. Nf3 d6 3. d4 cxd4 4. Nxd4 Nf6 5. Nc3 a6 6. Be3 e5 7. Nb3 Be7 8. Be2 Be6 9. O-O O-O 10.
f4 exf4 11. Bxf4 Nc6 12. Qd2 Ne5 13. Rad1 b5 14. a3 Rc8 15. Nd4 Qb6 16. Kh1 Qb7 17. Qe3 Rfd8 18. Qg3 Nxe4 19. Nxe4 Qxe4 20. Rfe1 Qg6 21. Bxe5 dxe5 22. Qxg6 hxg6 23.
Nxe6 fxe6 24. Rxd8+ Bxd8 25. Bd3 Kf7 26. Rxe5 Bf6 27. Re4 Bxb2 28. a4 Bc3 29. axb5 axb5 30. Bxb5 Rb8 31. Bf1 Rb1 32. Rf4+ Ke7 33. g3 Rc1 34. Kg2 Rxc2+ 35. Kh3 g5 36. Re4 Kf6 37. Bc4 Be5 38. Be2 Rd2 39. Bg4 Rd6 40. Re2 Bd4 41. Re1 e5 42. Rf1+ Ke7 43. Bf5 Rb6 44. Kg4 Rb2 45. Kxg5 Rxh2 46. Kg6 Rg2 47. g4 e4 48. Bxe4 Rxg4+ 49. Kf5 Rh4 50. Rh1 g6+ 51. Kxg6 Rxe4 52. Kf5 Re2 53. Rh7+ Kd6 54. Rh3 Kd5 55. Kf4 Re4+ 56. Kf3 Re3+ 57. Kg2 Re2+ 58. Kf3 Rf2+ 59. Kg3 Rf8 60. Rh7 Ke4 61. Rh4+ Ke3 62. Rg4 Rf1 63. Kg2 Rf2+ 64. Kg3 Be5+ 65. Kh4 Bf4 66. Kh5 Ke4 67. Kg6 Ra2 0-1

[Event "48th Continental Open"]
[Site "Sturbridge, MA"]
[Date "2018.08.20"]
[Round "9.15"]
[White "Yu, Alex"]
[Black "Cui, Cynthia"]
[Result "1/2-1/2"]
[ECO "C18"]
[WhiteElo "1852"]
[BlackElo "1798"]
[PlyCount "74"]
[EventDate "2018.08.??"]
[EventType "swiss"]
[EventRounds "9"]
[EventCountry "USA"]
[TimeControl "6000+10"]
[WhiteClock "0:02:10"]
[BlackClock "0:01:39"]

1. e4 e6 2. d4 d5 3. Nc3 Bb4 4. e5 c5 5. a3 Bxc3+ 6. bxc3 Qa5 7. Bd2 Qa4 8. Bd3 b6 9. f4 Ba6 10. Bxa6 Qxa6 11. Nf3 Ne7 12. a4 Nbc6 13. Qb1 Na5 14. Qb5+ Qxb5 15. axb5 Rc8 16. Ra2 Rc7 17. Ke2 O-O 18. Rha1 Rfc8 19. Ne1 cxd4 20. cxd4 Nf5 21. Bxa5 bxa5 22. Rxa5 Nxd4+ 23. Kd1 Rb7 24. Rxa7 Rxa7 25. Rxa7 Nxb5 26. Rb7 Nc3+ 27. Kd2 g6 28. Nd3 Ne4+ 29. Kc1 Nc5 30. Nxc5 Rxc5 31. Kd2 Rc4 32. g3 h5 33. Ra7 Kg7 34. Kd3 h4 35. Rb7 hxg3 36. hxg3 Re4 37. Rc7 Ra4 1/2-1/2

[Event "48th Continental Open"]
[Site "Sturbridge, MA"]
[Date "2018.08.20"]
[Round "9.16"]
[White "Procyk, Marijan"]
[Black "Taylor, Steven"]
[Result "0-1"]
[ECO "D37"]
[WhiteElo "1940"]
[BlackElo "2081"]
[PlyCount "56"]
[EventDate "2018.08.??"]
[EventType "swiss"]
[EventRounds "9"]
[EventCountry "USA"]
[TimeControl "6000+10"]
[WhiteClock "1:05:12"]
[BlackClock "0:24:57"]

1. d4 d5 2. c4 e6 3. Nc3 Be7 4. Nf3 Nf6 5. Bf4 O-O 6. e3 c5 7. dxc5 Qa5 8. Bd6 Bxd6 9. cxd6 Rd8 10.
Qa4 Qxa4 11. Nxa4 Rxd6 12. c5 Rd8 13. b4 Nc6 14. a3 Bd7 15.
Nc3 a5 16. b5 Na7 17. Rb1 Rac8 18. Na4 Ne4 19. Ne5 Be8 20. f3 Nxc5 21. Nb6 Rc7 22. a4 Nc8 23. Na8 Re7 24. b6 Nxa4 25. Kd2 f6 26. Ng4 Nd6 27. Nc7 Nxb6 28. Nxe8 Nbc4+ 0-1

[Event "48th Continental Open"]
[Site "Sturbridge, MA"]
[Date "2018.08.20"]
[Round "9.17"]
[White "Riddell, Connor"]
[Black "Sage, J Timothy"]
[Result "0-1"]
[ECO "B00"]
[WhiteElo "1716"]
[BlackElo "2036"]
[PlyCount "58"]
[EventDate "2018.08.??"]
[EventType "swiss"]
[EventRounds "9"]
[EventCountry "USA"]
[TimeControl "6000+10"]
[WhiteClock "0:13:20"]
[BlackClock "0:17:28"]

1. e4 Nc6 2. Nf3 d6 3. d4 Nf6 4. Nc3 g6 5. h3 Bg7 6. Be3 O-O 7. Be2 e5 8. dxe5 Nxe5 9. O-O Nxf3+ 10. Bxf3 Re8 11. Qd2 Be6 12. Rad1 Nd7 13. Be2 Nb6 14. b3 Bd7 15. Bd4 Bc6 16. Bxg7 Kxg7 17. f4 Nd7 18. Bf3 f6 19. b4 a6 20. g4 g5 21. h4 h6 22. hxg5 hxg5 23. Kg2 Nf8 24. Rh1 Ng6 25. fxg5 fxg5 26. Nd5 Bxd5 27. exd5 Qf6 28. Qd4 Re5 29. Rdf1 Re2+ 0-1